 Dungeon Crawl Stone Soup version 0.24.0-1-gfbc8707122 (webtiles) character file.

Game seed: 203500520269414734, levelgen mode: deterministic

927 Curus the Spear-Bearer (level 8, -6/56 HPs)
             Began as a Merfolk Gladiator on Oct 28, 2019.
             Was a Follower of Okawaru.
             Mangled by a gnoll
             ... wielding a +0 halberd
              (10 damage)
             ... on level 6 of the Dungeon.
             The game lasted 00:29:15 (3391 turns).

Curus the Spear-Bearer (Merfolk Gladiator)          Turns: 3391, Time: 00:29:16

Health: -6/56      AC:  4    Str: 15    XL:     8   Next: 10%
Magic:  0/8        EV: 20    Int:  7    God:    Okawaru [*.....]
Gold:   220        SH:  0    Dex: 22    Spells: 7/7 levels left

rFire    . . .     SeeInvis .   a - +2 trident
rCold    . . .     Gourm    .   (no shield)
rNeg     . . .     Faith    .   b - +0 leather armour
rPois    .         Spirit   +   c - +0 helmet
rElec    .         Reflect  .   h - scarf {Spirit}
rCorr    .         Harm     .   (no gloves)
MR       .....                  (no boots)
Stlth    +++.......             (no amulet)
HPRegen  0.18/turn              (no ring)
MPRegen  0.11/turn              (no ring)

@: agile
A: change form in water, swift swim, stealthy swim
a: Heroism, Renounce Religion


You were on level 6 of the Dungeon.
You worshipped Okawaru.
Okawaru was aware of your devotion.
You were not hungry.

You visited 2 branches of the dungeon, and saw 7 of its levels.

You collected 220 gold pieces.

Inventory:

Hand Weapons
 a - a +2 trident (weapon)
Missiles
 d - 4 throwing nets (quivered)
Armour
 b - a +0 leather armour (worn)
 c - a +0 helmet (worn)
 h - a scarf of spirit shield (worn)
Wands
 m - a wand of polymorph (20)
Scrolls
 e - 3 scrolls of fear
 g - 8 scrolls of identify
 l - 2 scrolls of amnesia
Potions
 j - a potion of brilliance
 n - a potion of curing
Comestibles
 f - 13 rations
 o - 3 chunks of flesh


   Skills:
 - Level 2.1 Fighting
 + Level 13.0 Polearms
 - Level 2.0 Throwing
 - Level 4.0 Dodging


You had 7 spell levels left.
You didn't know any spells.
Your spell library contained the following spells:

 Spells                   Type           Power        Failure   Level  Hunger
 Corpse Rot               Necr           N/A          65%         2    ###....
 Sublimation of Blood     Necr           #.........   65%         2    ###....
 Agony                    Necr           #.......     100%        5    ######.
 Bolt of Draining         Conj/Necr      #.........   100%        5    ######.
 Dispel Undead            Necr           #.......     100%        5    ######.
 Excruciating Wounds      Chrm/Necr      #.........   100%        5    ######.


Dungeon Overview and Level Annotations

Branches:
Dungeon (6/15)             Temple (1/1) D:4

Altars:
Cheibriados
Dithmenos
Fedhas
Hepliaklqana
Kikubaaqudgha
Makhleb
Okawaru
Ru
Sif Muna
Trog
Uskayaw
Vehumet
Wu Jian
Xom
Yredelemnul
Zin
The Shining One

Annotations:
D:6 Eustachio


Message History

Aim: Eustachio, wielding a +0 rapier and wearing a +0 leather armour You reach to attack!
You closely miss Eustachio.
Attack whom?
Press: ? - help, Dir - move target cursor, f/p - Eustachio
Aim: Eustachio, wielding a +0 rapier and wearing a +0 leather armour You reach to attack!
You puncture Eustachio!
Eustachio is lightly wounded.
The shadow imp closely misses you.
Attack whom?
Press: ? - help, Dir - move target cursor, f/p - Eustachio
Aim: Eustachio, wielding a +0 rapier and wearing a +0 leather armour (lightly wounded)
You reach to attack!
You hit Eustachio but do no damage.
Eustachio is lightly wounded.
Your surroundings suddenly seem different.
A gnoll comes into view. It is wielding a +0 club.
The gnoll shouts!
A gnoll comes into view. It is wielding a +0 halberd.
The gnoll shouts!
The gnoll hits you with a +0 halberd!
You die...

#. #. ###.
... .. ##
#. .#
######.#g#
...g...@g#
##########


You could see 3 gnolls.

Vanquished Creatures
  Menkaure (D:4)
  A black bear (D:6)
  A gnoll sergeant (D:6)
  A scorpion (D:4)
  A howler monkey (D:4)
  2 crimson imps (D:5)
  A quasit (D:5)
  A bullfrog zombie (D:5)
  A gnoll shaman (D:5)
  2 hounds
  Jessica (D:3)
  Natasha (twice) (D:3)
  A worker ant (D:5)
  2 hound skeletons (D:4)
  A worker ant zombie (D:6)
  10 gnolls
  2 adders
  An ooze (D:2)
  An adder skeleton (D:4)
  A worm (D:2)
  3 dart slugs
  7 leopard geckos
  5 orcs
  6 bats
  3 giant cockroaches
  10 goblins
  4 hobgoblins
  6 jackals (D:2)
  9 kobolds
  5 quokkas
  6 frilled lizards
  7 rats
105 creatures vanquished.

Notes
Turn   | Place    | Note
-------+----------+-------------------------------------------
     0 | D:1      | Curus the Merfolk Gladiator began the quest for the Orb.
     0 | D:1      | Reached XP level 1. HP: 16/16 MP: 1/1
    91 | D:1      | Reached skill level 5 in Polearms
   107 | D:1      | Reached XP level 2. HP: 21/22 MP: 2/2
   320 | D:1      | Reached skill level 6 in Polearms
   320 | D:1      | Reached XP level 3. HP: 27/27 MP: 3/3
   682 | D:2      | Reached XP level 4. HP: 26/33 MP: 4/4
   687 | D:2      | Reached skill level 7 in Polearms
  1073 | D:3      | Noticed Natasha
  1082 | D:3      | Killed Natasha
  1194 | D:3      | Reached skill level 8 in Polearms
  1293 | D:3      | Noticed Jessica
  1296 | D:3      | Killed Jessica
  1296 | D:3      | Reached XP level 5. HP: 38/38 MP: 5/5
  1433 | D:3      | Noticed Natasha
  1442 | D:3      | Killed Natasha
  1553 | D:4      | Noticed Menkaure
  1562 | D:4      | Killed Menkaure
  1562 | D:4      | Reached skill level 9 in Polearms
  1562 | D:4      | Reached XP level 6. HP: 25/44 MP: 2/6
  1706 | D:4      | Reached skill level 10 in Polearms
  2023 | D:4      | Found a staircase to the Ecumenical Temple.
  2039 | Temple   | Entered the Ecumenical Temple
  2076 | Temple   | Became a worshipper of Warmaster Okawaru
  2213 | D:4      | Reached skill level 11 in Polearms
  2213 | D:4      | Reached XP level 7. HP: 26/50 MP: 4/7
  2602 | D:5      | Entered Level 5 of the Dungeon
  2941 | D:5      | Found a glowing golden altar of the Shining One.
  2957 | D:5      | Found a basalt altar of Yredelemnul.
  2960 | D:5      | Found a sacrificial altar of Ru.
  2966 | D:5      | Found a burning altar of Makhleb.
  2983 | D:5      | Reached skill level 12 in Polearms
  3026 | D:5      | Reached * piety under Okawaru
  3029 | D:5      | Found a shimmering altar of Xom.
  3323 | D:6      | Noticed Eustachio
  3333 | D:6      | Reached XP level 8. HP: 47/56 MP: 6/8
  3379 | D:6      | Reached skill level 13 in Polearms
  3391 | D:6      | Mangled by a gnoll

Levels and vault maps discovered:
D:1:      roderic_dead_forest, layout_basic, wad_floor_pattern_untrapped
D:2:      layout_loops_cross
D:3:      layout_basic, first_ration, uniq_jessica, uniq_natasha
D:4:      layout_cave_pods, minmay_temple_entry_sparse_star, uniq_menkaure
D:5:      layout_basic, grunt_temple_overflow_cloverleaf, old_standard_altar,
          lightli_corner_chamber
D:6:      layout_basic, serial_shops, nicolae_shop_behind_doors,
          minmay_fire_ice_demons, uniq_eustachio
Temple:   kb_temple_of_zot

Skill      XL: |  1  2  3  4  5  6  7  8 |
---------------+-------------------------+-----
Polearms       | 5 6 8 9 11 12 13 | 13.0
Fighting       | |  2.1
Throwing       | |  2.0
Dodging        | |  4.0

Action                   |  1- 3 |  4- 6 |  7- 9 || total
-------------------------+-------+-------+-------++-------
Melee: Trident           |   112 |   145 |   151 ||   408
  Use: Potion            |     4 |     2 |     1 ||     7
       Scroll            |     6 |     1 |     2 ||     9
 Stab: Sleeping          |     3 |     2 |       ||     5
  Eat: Chunk             |       |     4 |     4 ||     8
Armor: Leather armour    |    12 |    27 |    27 ||    66
Dodge: Dodged            |    44 |    82 |    98 ||   224
